cohdb
Replays
Latest Replays
All Replays
Popular Replays
Top Player Replays
Match Explorer
How It Works
Community
CoH3 Stats
Reddit
Sign in to upload your games and track your stats! →
Sign in with Steam
Match 41099957
Unlisted
Match 41099957
Overview
Messages
Build Orders
End
Kradschützen Motorcycle Team
Panzergrenadier Squad
Selects Panzerjäger Kommand Battlegroup
Selects Mine Fields
Panzergrenadier Squad
Construct Light Support Kompanie
MG34 Team
Fire Support Elements
Selects Tank Busters
Panzerjäger Mechanized Group
Vehicle Survival Package
Veteran Squad Leaders
Flakvierling Half-track
Selects Defensive Positions
Flakvierling Half-track
Panzerjäger Mechanized Group
Selects Butterfly Bomb Drop
MAZKillerju
Moree
BamboneWertherone ITA
C. Troy
0
0
Comments
sign in to comment!
No comments posted yet!